 Dungeon Crawl Stone Soup version 0.30.0-5-g1a98f26d00 (webtiles) character file.

Game seed: 16132582190638409072

2632 ragingrage the Basher (level 9, 0/66 HPs)
             Began as a Human Cinder Acolyte on May 10, 2023.
             Was an Elder of Ignis.
             Killed from afar by an orc wizard (6 damage)
             ... with a magic dart
             ... on level 8 of the Dungeon.
             The game lasted 00:06:31 (7638 turns).

ragingrage the Basher (Human Cinder Acolyte)        Turns: 7638, Time: 00:06:31

Health: 0/66       AC:  6    Str: 16 (19) XL:     9   Next: 92%
Magic:  3/22       EV: 11    Int: 16      God:    Ignis [****..]
Gold:   403        SH:  0    Dex:  9      Spells: 11/14 levels left

rFire   + . .        a - +2 dire flail (freeze)
rCold   . . .        (shield currently unavailable)
rNeg    . . .        m - +3 leather armour of the Swan {Str+2}
rPois   .            (no helmet)
rElec   .            (no cloak)
rCorr   .            (no gloves)
SInv    .            (no boots)
Will    .....        (no amulet)
Stlth   +            r - ring of magical power
HPRegen 0.31/turn    x - ring of wizardry
MPRegen 0.18/turn

%: wizardry (x1)
@: no status effects
A: no striking features
a: Renounce Religion, Fiery Armour, Foxfire Swarm, Rising Flame


You were on level 8 of the Dungeon.
You worshipped Ignis.
Ignis was greatly pleased with you.
You visited 2 branches of the dungeon, and saw 9 of its levels.

You collected 403 gold pieces.

Inventory:

Hand Weapons
 a - a +2 dire flail of freezing (weapon)
 H - a +0 broad axe
Missiles
 c - 13 poisoned darts
 u - 8 javelins
 D - 4 boomerangs
Armour
 k - a +0 buckler
 m - the +3 leather armour of the Swan (worn) {Str+2}
   (You found it on level 2 of the Dungeon)

   Str:       It affects your strength (+2).
Jewellery
 r - a ring of magical power (left hand)
 x - a ring of wizardry (right hand)
 y - a +6 ring of strength
 K - a ring of wizardry
Wands
 q - a wand of iceblast (6)
 J - a wand of flame (14)
Scrolls
 f - a scroll of fog {unknown}
 h - 2 scrolls of noise
 i - a scroll of vulnerability {unknown}
 j - a scroll of teleportation
 p - 2 scrolls of immolation {unknown}
 v - 3 scrolls of identify {unknown}
 z - a scroll of acquirement {unknown}
 A - a scroll of butterflies {unknown}
 C - 2 scrolls of enchant weapon {unknown}
 E - 4 scrolls of magic mapping {unknown}
 F - a scroll of blinking {unknown}
 G - a scroll of brand weapon {unknown}
 I - 3 scrolls of silence {unknown}
Potions
 b - a potion of brilliance
 d - a potion of degeneration
 e - a potion of flight {unknown}
 g - 3 potions of resistance {unknown}
 l - 3 potions of attraction {unknown}
 n - 2 potions of lignification {unknown}
 o - a potion of cancellation {unknown}
 s - 5 potions of curing {unknown}
 w - a potion of heal wounds {unknown}
 B - 2 potions of might {unknown}


   Skills:
 + Level 4.4 Fighting
 - Level 10.0 Maces & Flails
 + Level 2.7 Dodging
 - Level 2.0 Stealth
 - Level 3.0 Spellcasting
 - Level 7.0 Fire Magic


You had 11 spell levels left.
You knew the following spells:

 Your Spells              Type           Power      Damage    Failure   Level
a - Scorch                Fire           48%        2d7       1%          2
b - Apportation           Tloc           4%         N/A       9%          1

Your spell library contained the following spells:

 Spells                   Type           Power      Damage    Failure   Level
 Necrotise                Necr           8%         1d4       9%          1
 Summon Small Mammal      Summ           8%         N/A       9%          1
 Ensorcelled Hibernation  Hex/Ice        4%         N/A       14%         2
 Spider Form              Tmut/Pois      2%         N/A       26%         3
 Anguish                  Hex/Necr       1%         N/A       63%         4


Dungeon Overview and Level Annotations

Branches:
Dungeon (8/15)             Temple (1/1) D:5
   Lair: D:8-11

Altars:
Ashenzari
Cheibriados
Dithmenos
Elyvilon
Fedhas
Sif Muna
Uskayaw
Xom
Yredelemnul

Shops:
D:1 *

Annotations:
D:2 exclusion: downstairs
D:7 Pikel


Message History

Flames lash the orc wizard.
The orc wizard's fire resistance burns away.
The orc wizard hits you with a +1 dagger of speed.
The two-headed ogre closely misses you.
The two-headed ogre hits you with a +0 giant spiked club!!
The orc wizard closely misses you.
Casting: Scorch (safe; 1% risk of failure) Flames lash the two-headed ogre but do no damage.
The orc wizard casts a spell at you. The magic dart hits you!
The two-headed ogre hits you but does no damage.
The two-headed ogre hits you with a +0 giant spiked club.
Casting: Scorch (safe; 1% risk of failure) Flames lash the two-headed ogre.
The orc wizard hits you but does no damage.
Activating: Foxfire Swarm Flames leap up around you!
The orc wizard hits you with a +1 dagger of speed.
The two-headed ogre barely misses you. The two-headed ogre closely misses you.
The orc wizard closely misses you.
Your foxfire dissipates!
The two-headed ogre attacks as you move away!
The two-headed ogre barely misses you.
The two-headed ogre hits you with a +0 giant spiked club!!
* * * LOW HITPOINT WARNING * * *
The orc wizard is no longer more vulnerable to fire.
The foxfire hits the two-headed ogre but does no damage.
The foxfire hits the two-headed ogre!
The two-headed ogre is burned terribly!
The foxfire hits the orc wizard.
The foxfire hits the two-headed ogre!
The two-headed ogre is burned terribly!
The foxfire hits the two-headed ogre.
The foxfire hits the orc wizard. x2; The foxfire hits the two-headed ogre!
The two-headed ogre is burned terribly!
The foxfire hits the orc wizard but does no damage.
The foxfire hits the two-headed ogre.
The two-headed ogre is burned terribly!
The foxfire hits the two-headed ogre.
The two-headed ogre is burned terribly!
You kill the two-headed ogre!
The foxfire hits the orc wizard but does no damage. x2
The orc wizard casts a spell at you. The magic dart hits you.
You die...

....#. .# ###..##.
#o..#.# #.# .......<
..###...#.. ..# #
####..#. ......o.#..#
#..# .. #. #.
...#....##..##..# ...
#...#
.........##...§# ....
#.#.# ..........##).#
...# #.#.Y
###.......#.§#...#
......
#.......o.@§..#
#.?...
...#....###..§§......
......
#"K#....############.
####..
.#.#..#............#
#..
#.F#........>#####.#
.... ...#.........#
#.# ##...
...#.........# #.#
#... ## #.........#
#.##### #...
...........#
#.....#####..


You could see an orc wizard.

Vanquished Creatures
  A two-headed ogre (D:8)
  Sigmund (D:3)
  2 wyverns (D:8)
  3 yaks (D:8)
  A steam dragon (D:8)
  A water moccasin (D:3)
  An ice beast (D:6)
  2 lemures
  2 phantoms
  3 bullfrogs
  2 scorpions
  3 wights
  5 hounds
  5 jellies
  An orc priest (D:5)
  2 sleepcaps (D:5)
  A gnoll bouda (D:5)
  4 iguanas
  An orc wizard (D:5)
  Natasha (thrice) (D:3)
  5 adders
  6 gnolls
  3 white imps
  A worm (D:3)
  A dart slug (D:5)
  7 orcs
  6 endoplasms
  3 giant cockroaches
  8 goblins
  9 hobgoblins
  3 jackals (D:5)
  6 quokkas
  7 ball pythons
  4 bats
  A frilled lizard (D:3)
  5 kobolds
  3 rats
122 creatures vanquished.

Vanquished Creatures (others)
  32 foxfires
32 creatures vanquished.

Grand Total: 154 creatures vanquished

Notes
Turn   | Place    | Note
-------+----------+-------------------------------------------
     0 | D:1      | ragingrage the Human Cinder Acolyte began the quest for the
                  | Orb.
     0 | D:1      | Reached XP level 1. HP: 18/18 MP: 2/2
   117 | D:1      | Reached XP level 2. HP: 21/24 MP: 3/3
   120 | D:1      | Learned a level 2 spell: Scorch
   480 | D:1      | Found Oplidd's General Store.
   486 | D:1      | Reached skill level 1 in Stealth
   703 | D:1      | Reached XP level 3. HP: 29/29 MP: 1/4
  1147 | D:2      | Reached XP level 4. HP: 26/35 MP: 0/5
  1473 | D:2      | Identified the +3 leather armour of the Swan {Str+2}
  1887 | D:3      | Noticed Sigmund
  1887 | D:3      | Noticed a water moccasin
  2156 | D:3      | Killed Sigmund
  2157 | D:3      | Reached skill level 4 in Maces & Flails
  2157 | D:3      | Reached XP level 5. HP: 25/41 MP: 1/6
  2157 | D:3      | Reached XP level 6. HP: 29/47 MP: 1/7
  2682 | D:3      | You fall into a shaft and drop 1 floor!
  2682 | D:4      | Found a basalt altar of Yredelemnul.
  2781 | D:3      | Killed a water moccasin
  2782 | D:3      | Reached skill level 5 in Maces & Flails
  2782 | D:3      | Reached skill level 5 in Fire Magic
  2782 | D:3      | Reached XP level 7. HP: 37/52 MP: 1/9
  2975 | D:3      | Noticed Natasha
  2979 | D:3      | Killed Natasha
  3075 | D:3      | Noticed Natasha
  3084 | D:3      | Killed Natasha
  3106 | D:3      | Noticed Natasha
  3111 | D:3      | Killed Natasha
  3264 | D:4      | Reached skill level 6 in Maces & Flails
  3671 | D:4      | Found a white marble altar of Elyvilon.
  3739 | D:4      | Found a blossoming altar of Fedhas.
  3810 | D:4      | Found a snail-covered altar of Cheibriados.
  3812 | D:4      | Found a broken altar of Ashenzari.
  3812 | D:4      | Found a shimmering altar of Xom.
  4151 | D:5      | Entered Level 5 of the Dungeon
  4235 | D:5      | Reached skill level 7 in Maces & Flails
  4235 | D:5      | Found a staircase to the Ecumenical Temple.
  4242 | Temple   | Entered the Ecumenical Temple
  4519 | D:5      | Reached XP level 8. HP: 53/58 MP: 9/11
  5080 | D:5      | Reached skill level 8 in Maces & Flails
  5087 | D:5      | Found a shadowy altar of Dithmenos.
  6139 | D:6      | Found a shimmering blue altar of Sif Muna.
  6436 | D:6      | Reached skill level 9 in Maces & Flails
  6436 | D:6      | Reached XP level 9. HP: 62/63 MP: 12/12
  6600 | D:7      | Noticed Pikel
  6731 | D:7      | Noticed a +0 hand axe
  6731 | D:7      | Noticed a +0 dagger
  6731 | D:7      | Found a hide-covered altar of Uskayaw.
  6750 | D:6      | Learned a level 1 spell: Apportation
  7285 | D:8      | Reached skill level 10 in Maces & Flails
  7287 | D:8      | Reached skill level 1 in Dodging
  7626 | D:8      | Noticed a two-headed ogre
  7638 | D:8      | Killed a two-headed ogre
  7638 | D:8      | Killed from afar by an orc wizard

Illustrated notes

Levels and vault maps discovered:
D:1:      ncdulo_lavacross, layout_loops_cross, serial_shops, shop
D:2:      layout_basic
D:3:      layout_rooms, nicolae_overflow_hidden_temple, uniq_natasha,
          uniq_sigmund
D:4:      layout_basic, elyvilon_altar_3, mainiacjoe_overflow_alcove_2,
          mainiacjoe_overflow_24_doors, grunt_temple_overflow_open
D:5:      layout_basic, nicolae_dithmenos_shadow_blocks,
          minmay_temple_entry_ruins
D:6:      layout_cave_pods, nicolae_sif_muna_little_library
D:7:      layout_cave_pods, dancing_weapons_uskayaw, grunt_ministairs_15,
          bh_walls_and_bars, uniq_pikel
D:8:      layout_rooms, gammafunk_ghost_split, nicolae_shop_dragon_depot
Temple:   minmay_temple_forest_path

Skill      XL: |  1  2  3  4  5  6  7  8  9 |
---------------+----------------------------+-----
Stealth        | 1 2 |  2.0
Maces & Flails | 4 5 7 9 10 | 10.0
Fire Magic     | 4 5 6 7 |  7.0
Spellcasting   | 2 3 |  3.0
Dodging        | 2 |  2.7
Fighting       | 4 |  4.4

Action                     |  1- 3 |  4- 6 |  7- 9 || total
---------------------------+-------+-------+-------++-------
  Melee: Mace              |    38 |    15 |    36 ||    89
         Dire flail        |       |       |    14 ||    14
   Cast: Scorch            |    17 |    34 |   180 ||   231
 Invoke: Foxfire Swarm     |       |     1 |     1 ||     2
         Fiery Armour      |       |       |     1 ||     1
    Use: Scroll            |       |       |     2 ||     2
         Potion            |       |       |     3 ||     3
 Armour: Robe              |     6 |       |       ||     6
         Leather armour    |       |    10 |    52 ||    62
  Dodge: Dodged            |    30 |    18 |   100 ||   148
